 Dungeon Crawl Stone Soup version 0.30.1-9-gdf580d7c3d (webtiles) character file.

Game seed: 15035580901555392324

5018 hawla the Thaumaturge (level 11, -14/82 HPs)
             Began as a Meteoran Fire Elementalist on Oct 10, 2023.
             Was a Believer of Jiyva.
             Demolished by Grum
             ... wielding a -2 halberd
              (19 damage)
             ... on level 8 of the Dungeon.
             The game lasted 00:24:22 (3552 turns).

hawla the Thaumaturge (Meteoran Fire Elementalist)  Turns: 3552, Time: 00:24:22

Health: -14/82     AC:  6    Str: 16    XL:     11   Next: 9%
Magic:  7/26       EV: 14    Int: 22    God:    Jiyva [**....]
Gold:   276        SH:  0    Dex: 14    Spells: 24/31 levels left

rFire   . . .        z - +4 flail (venom)
rCold   . . .        n - orb {*channel}
rNeg    . . .        a - +0 robe
rPois   .            A - +0 helmet
rElec   .            (no cloak)
rCorr   +            B - +0 pair of gloves
SInv    .            h - +1 pair of boots
Will    +....        (no amulet)
Stlth   +            r - +6 ring of strength
HPRegen 1.29/turn    (no ring)
MPRegen 0.50/turn

%: channel magic (20%)
@: glowing
A: sense surroundings 2, otherworldly, glowing, explore regen
a: Renounce Religion


You were on level 8 of the Dungeon.
You worshipped Jiyva.
Jiyva was pleased with you.
You visited 1 branch of the dungeon, and saw 8 of its levels.
You also visited: Sewer and Ossuary.

You collected 276 gold pieces.

Inventory:

Hand Weapons
 y - the +7 spear of Jinicze {vamp, Str+3}
   (You took it off an orc on level 5 of the Dungeon)

   Str:       It affects your strength (+3).
 z - a +4 flail of venom (weapon)
Missiles
 m - 5 curare-tipped darts
 o - 14 poisoned darts (quivered)
Armour
 a - a +0 robe (worn)
 h - a +1 pair of boots (worn)
 n - an orb of energy (worn)
 A - a +0 helmet (worn)
 B - a +0 pair of gloves (worn)
Jewellery
 r - a +6 ring of strength (left hand)
Wands
 k - a wand of charming (2)
 w - a wand of acid (15)
Scrolls
 c - 2 scrolls of brand weapon {unknown}
 e - a scroll of amnesia {unknown}
 f - 6 scrolls of identify
 g - a scroll of fog {unknown}
 j - a scroll of butterflies {unknown}
 l - 2 scrolls of teleportation
 p - a scroll of enchant weapon {unknown}
 q - a scroll of immolation {unknown}
 t - 2 scrolls of blinking {unknown}
Potions
 b - 3 potions of curing {unknown}
 d - 2 potions of lignification {unknown}
 i - 3 potions of mutation
 s - a potion of ambrosia {unknown}
 u - 3 potions of might {unknown}
 v - a potion of brilliance {unknown}
 x - a potion of magic


   Skills:
 + Level 3.2 Fighting
 + Level 3.7 Maces & Flails
 + Level 3.4 Polearms
 + Level 0.1 Throwing
 + Level 5.0 Dodging
 - Level 1.5 Stealth
 + Level 10.7 Spellcasting
 + Level 7.4 Conjurations
 + Level 10.4 Fire Magic
 + Level 3.0 Evocations


You had 24 spell levels left.
You knew the following spells:

 Your Spells              Type           Power      Damage    Failure   Level
a - Foxfire               Conj/Fire      100%       2x1d9     1%          1
b - Scorch                Fire           100%       2d9       1%          2
c - Flame Wave            Conj/Fire      50%        2d12      6%          4

Your spell library contained the following spells:

 Spells                   Type           Power      Damage    Failure   Level
 Inner Flame              Hex/Fire       34%        N/A       8%          3
 Volatile Blastmotes      Fire/Tloc      68%        2d15      8%          3


Dungeon Overview and Level Annotations

Branches:
Dungeon (8/15) Zot: 1848   Temple (0/1) D:7           Sewer (visited)
Ossuary (visited)
   Lair: D:8-11

Altars:
Dithmenos
Elyvilon
Sif Muna
Uskayaw
The Shining One

Annotations:
D:5 1 runed translucent door, Psyclone's ghost, weakling DECj
D:8 Grum


Innate Abilities, Weirdness & Mutations

You passively map the area around you.
You are easily found by Zot.
You glow in the dark.
You regain HP and MP as you explore.


Message History

Magical energy flows into your mind!
You are engulfed in a cloud of scalding steam.
* * * LOW HITPOINT WARNING * * *
A bullfrog comes into view.
Casting: Scorch (safe; 1% risk of failure)
Confirm with . or Enter, or press ? or * to list all spells.
Flames lash Joseph.
Joseph is burned terribly!
Joseph is almost dead.
Joseph unwields a +0 sling.
Joseph wields a +0 quarterstaff.
Joseph closely misses you.
Unknown command.
Casting: Scorch (safe; 1% risk of failure)
Confirm with . or Enter, or press ? or * to list all spells.
Casting: Flame Wave (dangerous; 7% risk of failure)
Press: ? - help, Dir - look around, f - activate A wave of flame ripples out!
The flame wave engulfs Joseph!
Joseph is burned terribly!
You kill Joseph! (Press . to intensify the flame waves.) Grum drinks a potion.
Grum goes berserk!
Your Dodging skill increases to level 5!
A wave of flame ripples out!
The flame wave engulfs Grum!
Grum is heavily wounded.
The flame wave engulfs the bullfrog!!
You kill the bullfrog!
Grum closely misses you. Grum misses you.
Unknown command.
A wave of flame ripples out!
The flame wave engulfs Grum!
Grum is severely wounded.
You finish channelling waves of flame.
Grum closely misses you.
Unknown command.
Casting: Flame Wave (dangerous; 6% risk of failure)
Confirm with . or Enter, or press ? or * to list all spells.
Flames lash Grum.
Grum is almost dead.
Grum's fire resistance burns away.
Grum hits you from afar with a -2 halberd!!
* * * LOW HITPOINT WARNING * * *
Grum hits you from afar with a -2 halberd!!
You die...

#.# *, #.# .,
,, #.# .P , ,
#.# .P. #.###
*.... ,
#...##.....,
###....hg.. ,
######g###....
#§§§@)..# .o
#§§§8†§.#*,, ,
, #§§§.§§§....
, ,
#.§§.§§§#..# ,
, #..≈≈.≈≈....#
*,,
#..≈≈.≈≈..:...,
, ,, *
#..≈≈_≈≈..####
, #..≈≈≈≈≈.##
** ~,,* ,


You could see Grum (berserk, combustible).

Vanquished Creatures
  Pikel (D:7)
  Joseph (D:8)
  A wyvern (D:7)
  2 vampire mosquitoes (D:8)
  Edmund (D:6)
  2 water moccasins
  An ice beast (D:6)
  An ogre (D:5)
  A black bear (D:4)
  A sky beast (D:7)
  3 wolves (D:8)
  The ghost of OlManJenkins the Firebug, an amateur DgFE (D:4)
  A phantom (D:6)
  2 kobold brigands
  4 bullfrogs
  2 scorpions
  9 wights
  19 killer bees (D:7)
  3 electric eels (D:8)
  2 howler monkeys
  3 jellies (Sewer)
  3 hounds
  A gnoll bouda (D:6)
  6 iguanas (D:6)
  2 mummies
  8 adders
  5 gnolls (D:6)
  4 river rats
  2 shadow imps (D:7)
  2 white imps
  2 ufetubi (D:6)
  5 worms
  2 dart slugs
  12 orcs
  3 spectral bats (Ossuary)
  10 endoplasms
  7 giant cockroaches
  12 gnoll zombies (Ossuary)
  7 goblins
  2 hobgoblins (D:1)
  10 kobolds
  2 quokkas
  3 ball pythons
  A bat (D:1)
  3 bat simulacra (Ossuary)
  2 frilled lizards (Sewer)
  2 goblin simulacra (Ossuary)
  5 goblin zombies (Ossuary)
  2 hobgoblin zombies (Ossuary)
  5 kobold simulacra (Ossuary)
  6 kobold zombies (Ossuary)
  5 orc zombies (Ossuary)
  7 rats
  A rat simulacrum (Ossuary)
  4 spectral goblins (Ossuary)
  2 spectral kobolds (Ossuary)
  3 spectral rats (Ossuary)
219 creatures vanquished.

Vanquished Creatures (collateral kills)
  2 foxfires (D:8)
2 creatures vanquished.

Vanquished Creatures (others)
  2 slime creatures (D:8)
  2 scorpions (D:6)
  5 jellies
  An electric eel (D:8)
  A sleepcap (D:6)
  216 foxfires
227 creatures vanquished.

Grand Total: 448 creatures vanquished

Notes
Turn   | Place    | Note
-------+----------+-------------------------------------------
     0 | D:1      | hawla the Meteoran Fire Elementalist began the quest for
                  | the Orb.
     0 | D:1      | Reached XP level 1. HP: 14/14 MP: 5/5
    44 | D:1      | Reached XP level 2. HP: 20/20 MP: 0/6
   251 | D:1      | Learned a level 2 spell: Scorch
   266 | D:2      | Reached XP level 3. HP: 26/26 MP: 2/8
   430 | D:4      | Reached XP level 4. HP: 33/33 MP: 6/9
   452 | D:4      | Learned a level 4 spell: Flame Wave
   500 | D:4      | Noticed a black bear
   504 | D:4      | Killed a black bear
   505 | D:4      | Reached XP level 5. HP: 32/38 MP: 2/10
   571 | D:4      | Found a shadowy altar of Dithmenos.
   666 | D:4      | Found a white marble altar of Elyvilon.
   729 | D:4      | Noticed OlManJenkins's ghost (amateur DgFE)
   755 | D:4      | Found a runed translucent gate.
   755 | D:4      | Found a runed translucent gate.
   756 | D:4      | Found a runed translucent gate.
   761 | D:4      | Reached XP level 6. HP: 45/45 MP: 4/12
   821 | D:4      | Reached skill level 5 in Fire Magic
  1184 | D:4      | Killed OlManJenkins's ghost
  1313 | D:5      | Entered Level 5 of the Dungeon
  1323 | D:5      | Reached XP level 7. HP: 51/51 MP: 3/14
  1380 | D:5      | Found a sand-covered staircase.
  1390 | Ossuary  | Entered an ossuary
  1551 | Ossuary  | Reached skill level 5 in Conjurations
  1553 | Ossuary  | Reached skill level 5 in Spellcasting
  1839 | D:5      | Found a runed translucent door.
  1840 | D:5      | Noticed Psyclone's ghost (weakling DECj)
  1867 | D:5      | Reached skill level 1 in Fighting
  1871 | D:5      | Reached skill level 1 in Maces & Flails
  1897 | D:5      | Found a glowing drain.
  1907 | Sewer    | Entered a sewer
  2055 | Sewer    | Reached XP level 8. HP: 59/59 MP: 13/17
  2057 | Sewer    | Found a viscous altar of Jiyva.
  2144 | Sewer    | Became a worshipper of Jiyva Javixtou the Shapeless
  2223 | D:5      | Identified the +7 spear of Jinicze {vamp, Str+3}
  2305 | D:6      | Noticed Edmund
  2390 | D:6      | HP: 2/59 [poisoned by a gnoll]
  2452 | D:6      | Killed Edmund
  2481 | D:6      | Reached * piety under Jiyva
  2492 | D:6      | Gained mutation: You passively map the area around you.
                  | [Meteoran growth]
  2492 | D:6      | Reached XP level 9. HP: 43/64 MP: 7/21
  2887 | D:7      | Reached ** piety under Jiyva
  2970 | D:7      | Reached skill level 1 in Polearms
  2980 | D:7      | Reached XP level 10. HP: 41/74 MP: 4/24
  2989 | D:7      | HP: 3/74 [poisoned by a killer bee]
  3034 | D:7      | Noticed Pikel
  3042 | D:7      | Killed Pikel
  3047 | D:7      | Found a shimmering blue altar of Sif Muna.
  3140 | D:7      | Reached skill level 10 in Spellcasting
  3197 | D:7      | Found a staircase to the Ecumenical Temple.
  3298 | D:7      | Found a hide-covered altar of Uskayaw.
  3535 | D:8      | Noticed Grum
  3536 | D:8      | Noticed Joseph
  3537 | D:8      | Found a glowing golden altar of the Shining One.
  3544 | D:8      | Reached skill level 10 in Fire Magic
  3546 | D:8      | Reached XP level 11. HP: 25/82 MP: 16/26
  3549 | D:8      | Killed Joseph
  3550 | D:8      | Reached skill level 5 in Dodging
  3552 | D:8      | Demolished by Grum

Illustrated notes

Levels and vault maps discovered:
D:1:      dpeg_arrival_morbid_curiosity, layout_loops_ring, solitary_fountain,
          minmay_tetromino_o4
D:2:      layout_loops_cross, serial_glass, glass_columns_c, glass_columns_c,
          due_unseen_surprise, basic_altar
D:3:      layout_basic, mainiacjoe_overflow_six_doors_small,
          kennysheep_generic_room_15
D:4:      layout_gridville, grunt_dithmenos_smoke_and_mirrors,
          nicolae_elyvilon_temple_path, gammafunk_ghost_split
D:5:      layout_cave_pools, gammafunk_ghost_grave, lightli_sewer_entry_pipes,
          gup_ossuary_entry_pyramid, supply_closet_lemuel,
          hangedman_decor_clover_reticule, kennysheep_nondescript
D:6:      layout_cave_pools, minmay_quadrilaterals, uniq_edmund
D:7:      layout_rooms, nicolae_uskayaw_dance_studio,
          nicolae_sif_muna_condensation, lemuel_temple_firewalk_a, uniq_pikel
D:8:      minmay_the_grid_triangle_9x9_rhombus_full
          [minmay_the_grid_triangle_9x9_sparse_checkered,
          minmay_the_grid_triangle_9x9_descending_squares,
          minmay_the_grid_triangle_9x9_semitri,
          minmay_the_grid_triangle_9x9_corruption,
          minmay_the_grid_triangle_9x9_wacky_v,
          minmay_the_grid_triangle_9x9_subtriangle,
          minmay_the_grid_triangle_9x9_minimal,
          minmay_the_grid_triangle_9x9_prize_special], layout_loops_ring,
          mainiacjoe_overflow_catwalk, grunt_lair_entry_orc_guard_hut,
          serial_bayou_lake_a, uniq_joseph, uniq_grum

Skill      XL: |  1  2  3  4  5  6  7  8  9 10 11 |
---------------+----------------------------------+-----
Fire Magic     | 4 5 6 7 9 10 | 10.4
Spellcasting   | 3 4 5 7 9 10 | 10.7
Conjurations   | 4 5 6 7 |  7.4
Fighting       | 1 2 3 |  3.2
Maces & Flails | 1 3 |  3.7
Dodging        | 3 4 5 |  5.0
Polearms       | 1 3 |  3.4
Evocations     | 3 |  3.0
Throwing       | |  0.1
Stealth        | |  1.5

Action                     |  1- 3 |  4- 6 |  7- 9 | 10-12 || total
---------------------------+-------+-------+-------+-------++-------
  Melee: Whip              |     7 |     4 |    73 |       ||    84
         Unarmed           |     1 |       |     6 |       ||     7
         Punch             |     1 |       |       |       ||     1
         Spear             |       |       |    14 |     2 ||    16
         Flail             |       |       |    19 |    12 ||    31
  Throw: Dart              |       |       |       |     2 ||     2
   Cast: Foxfire           |    30 |     8 |    79 |     6 ||   123
         Scorch            |     2 |    16 |    60 |    17 ||    95
         Flame Wave        |       |     3 |    21 |    15 ||    39
    Use: Scroll            |       |     2 |     4 |       ||     6
         Potion            |       |       |     4 |     1 ||     5
 Armour: Robe              |     7 |     5 |    53 |     9 ||    74
  Dodge: Dodged            |     9 |     6 |   141 |    46 ||   202
